 Dungeon Crawl Stone Soup version 0.28.0 (webtiles) character file.

Game seed: 5997441358464809364

18 SnakkuSnakku7 the Covered (level 2, 27/27 HPs)
             Began as a Minotaur Fighter on Feb 14, 2022.
             Quit the game on level 1 of the Dungeon.
             The game lasted 00:00:37 (445 turns).

SnakkuSnakku7 the Covered (Minotaur Fighter)         Turns: 445, Time: 00:00:37

Health: 27/27      AC:  7    Str: 20    XL:     2   Next: 48%
Magic:  1/1        EV:  9    Int:  5    God:
Gold:   0          SH:  4    Dex:  9    Spells: 1/1 levels left

rFire   . . .      SeeInvis .   a - +0 war axe
rCold   . . .      Faith    .   c - +0 buckler
rNeg    . . .      Spirit   .   b - +0 scale mail
rPois   .          Reflect  .   (helmet restricted)
rElec   .          Harm     .   (no cloak)
rCorr   .          Rampage  .   (no gloves)
Will    .....                   (no boots)
Stlth   ..........              (no amulet)
HPRegen 0.09/turn               (no ring)
MPRegen 0.07/turn               (no ring)

@: no status effects
A: horns 2, retaliatory headbutt
a: no special abilities


You were on level 1 of the Dungeon.
You visited 1 branch of the dungeon, and saw 1 of its levels.

Inventory:

Hand Weapons
 a - a +0 war axe (weapon)
Armour
 b - a +0 scale mail (worn)
 c - a +0 buckler (worn)
Scrolls
 e - a scroll of identify {unknown}
 g - a scroll of enchant armour {unknown}
 h - a scroll of acquirement {unknown}
Potions
 d - a potion of might
 f - a potion of brilliance {unknown}


   Skills:
 + Level 4.0 Fighting
 + Level 3.0 Axes
 + Level 4.0 Armour
 - Level 3.6 Shields


You had one spell level left.
You didn't know any spells.
Your spell library was empty.

Dungeon Overview and Level Annotations

Branches:
Dungeon (1/15)

Altars:
Okawaru


Innate Abilities, Weirdness & Mutations

You have a pair of horns on your head.
You reflexively headbutt those who attack you in melee.


Message History

You slash the plant!
The plant begins to die.
You block the bat's attack.
A nearby plant withers and dies.
A nearby fungus withers and dies.
The bat hits you but does no damage. You block the bat's attack.
There is a faded altar of an unknown god here.
You cannot tell which god this altar belongs to.
Convert to them anyway? [Y]es or [N]o only, please.
You cannot tell which god this altar belongs to.
Convert to them anyway?
Okawaru accepts your prayer! Okawaru welcomes you!
You can now gain great but temporary skills.
The bat barely misses you.
Unknown command.
Press < or > to pray at altars.
Really renounce your faith, foregoing its fabulous benefits?
Are you sure?
You have lost your religion!
Okawaru does not appreciate desertion!
The bat hits you. The bat completely misses you. You furiously retaliate!
You headbutt the bat.
You kill the bat!
Your Axes skill increases to level 3!
No target in view!
No target in view!
You open the door.
Found a short sword.
There is an open door here.
You see here a +0 short sword.
There is an open door here.
You open the door.
There is an open door here.
You open the door.
There is an open door here.
Found a twisted smoking staff.
An endoplasm comes into view.
The endoplasm quivers.
You see here a staff of cold.
An endoplasm is nearby!
Unknown command.
Are you sure you want to abandon this character and quit the game? (Confirm with "yes".)

#....#.....
+.......#
#..........
#.......#
#...†......
+.......#
#..........
#...J...#
#..........
+.......#
#..........
#.......#
#..........
#...^...#
#..........
#...@...#
#..........
###.#####
#######'###
#.#############.#
#...............#
#################


You could see an endoplasm.

Vanquished Creatures
  2 dart slugs (D:1)
  2 bats (D:1)
  3 endoplasms (D:1)
  A goblin (D:1)
  A hobgoblin (D:1)
  A ball python (D:1)
  A frilled lizard (D:1)
  A kobold (D:1)
  A rat (D:1)
13 creatures vanquished.

Vanquished Creatures (others)
  2 fungi (D:1)
  A plant (D:1)
3 creatures vanquished.

Grand Total: 16 creatures vanquished

Notes
Turn   | Place    | Note
-------+----------+-------------------------------------------
     0 | D:1      | SnakkuSnakku7 the Minotaur Fighter began the quest for the
                  | Orb.
     0 | D:1      | Reached XP level 1. HP: 19/19 MP: 0/0
   222 | D:1      | Reached XP level 2. HP: 27/27 MP: 1/1
   317 | D:1      | Found a faded altar of an unknown god.
   335 | D:1      | Prayed at the altar of an unknown god.
   335 | D:1      | Became a worshipper of Warmaster Okawaru
   335 | D:1      | Reached * piety under Okawaru
   336 | D:1      | Fell from the grace of Okawaru
   445 | D:1      | Quit the game

Illustrated notes

Levels and vault maps discovered:
D:1:      amcnicky_arrival_gap_in_the_tavern_cellar, layout_basic,
          dreamdust_ecumenical_altar_grove, minmay_misc_feat_x

Skill      XL: |  1  2 |
---------------+-------+-----
Fighting       | 4 |  4.0
Armour         | 4 |  4.0
Axes           | 3 |  3.0
Shields        | |  3.6

Action                   || total
-------------------------++-------
Melee: War axe           ||    23
       Headbutt          ||     4
Invok: Renounce Religion ||     1
Armor: Scale mail        ||    18
Dodge: Dodged            ||    10
Block: Buckler           ||     5
